 Dungeon Crawl Stone Soup version 0.23.2-1-ga50397a (webtiles) character file.

Game seed: 1619587616208142801

667873 shadizar the Slayer (level 27, -10/153 HPs)
             Began as a Gargoyle Fighter on May 5, 2019.
             Was the Champion of the Shining One.
             Killed from afar by a shard shrike (49 damage)
             ... with a shard of ice
             ... on level 5 of Cocytus on May 6, 2019.
             The game lasted 03:09:09 (66607 turns).

shadizar the Slayer (Gargoyle Fighter)             Turns: 66607, Time: 03:09:10

Health: -10/153    AC: 65    Str: 29    XL:     27
Magic:  15/23      EV: 21    Int:  5    God:    the Shining One [******]
Gold:   6130       SH: 43    Dex: 21    Spells: 26/26 levels left

rFire    + . .     SeeInvis .   Q - +9 sacred scourge (holy)
rCold    + + +     Gourm    .   J - +4 large shield
rNeg     + + +     Faith    .   v - +10 plate armour "Ruacs" {rPois Int+2}
rPois    ∞         Spirit   .   q - +2 hat "Zoom" {MP-9 Dex+5}
rElec    +         Reflect  .   j - +2 cloak {MR+}
rCorr    +         Harm     .   Z - +2 pair of gloves {Dex+3}
MR       +++++     Rnd*Rage +   n - +3 pair of boots of Vexation {-Cast rC+ rCorr Dex+4} Stlth ..........NoCast +
                                P - amulet of regeneration
HPRegen  0.00/turn              E - ring "Bufuje" {rC++ rN+ MR+ Int-4 Stlth+}
MPRegen  0.18/turn              h - ring "Muuh" {rElec rF+ MR+ Dex+2}

@: divine shield, flying, glowing
A: big wings, berserk 1, clumsy 1, dopey 2, frail 2, low mp 1, negative energy
resistance 1, screaming 1, electricity resistance, inhibited regeneration, weak
1, unbreathing, petrification resistance, rot immunity, AC +20
}: 4/15 runes: barnacled, slimy, silver, gossamer
a: Stop Flying, Divine Shield, Cleansing Flame, Summon Divine Warrior, Renounce
Religion


You were on level 5 of Cocytus.
You worshipped the Shining One.
The Shining One was exalted by your worship.
You were not hungry.

You visited 12 branches of the dungeon, and saw 56 of its levels.
You visited the Abyss 1 time.
You also visited: Trove, Ossuary, Ice Cave, Volcano and Desolation.

You collected 7397 gold pieces.
You spent 1267 gold pieces at shops.

Inventory:

Hand Weapons
 x - the +8 Wrath of Trog {antimagic, *Rage}
   (You found it on level 15 of the Dungeon)

   It reduces the magical energy of the wielder, and disrupts the spells and
   magical abilities of those hit.
   Natural abilities and divine invocations are not affected.
   It may make you go berserk in combat.
 L - the +9 battleaxe of a Gauntlet {chop, Str+4 Int+4 Stlth+}
   (You took it off a deep elf annihilator on level 3 of the Elven Halls)

   It inflicts extra damage upon your enemies.
   It affects your strength (+4).
   It affects your intelligence (+4).
   It makes you more stealthy.
 Q - a +9 sacred scourge of holy wrath (weapon)
Armour
 j - a +2 cloak of magic resistance (worn)
 n - the +3 pair of boots of Vexation (worn) {-Cast rC+ rCorr Dex+4}
   (You acquired it on level 5 of the Vaults)

   It affects your dexterity (+4).
   It protects you from cold.
   It prevents spellcasting.
   It provides partial protection from all sources of acid and corrosion.
 q - the +2 hat "Zoom" (worn) {MP-9 Dex+5}
   (You found it on level 1 of the Depths)

   It affects your dexterity (+5).
   It affects your magic capacity (-9).
 v - the +10 plate armour "Ruacs" (worn) {rPois Int+2}
   (You took it off a rakshasa on level 2 of the Depths)

   It affects your intelligence (+2).
   It protects you from poison.
 J - a +4 large shield (worn)
 T - a +1 plate armour of fire resistance
 Z - a +2 pair of gloves of dexterity (worn)
Jewellery
 b - the amulet of Hyvvol {RegenMP rPois rF+}
   (You found it in a treasure trove)

   [amulet of magic regeneration]

   It increases your magic regeneration.
   It protects you from fire.
   It protects you from poison.
 d - the ring "Fint" {rF+ rC- MR+ MP+9 Dex+4 SInv}
   (You took it off a tengu reaver on level 4 of the Depths)

   [ring of see invisible]

   It affects your dexterity (+4).
   It protects you from fire.
   It makes you vulnerable to cold.
   It affects your resistance to hostile enchantments.
   It affects your magic capacity (+9).
   It lets you see invisible.
 g - an uncursed ring of fire
 h - the ring "Muuh" (right hand) {rElec rF+ MR+ Dex+2}
   (You took it off a tengu reaver on level 4 of the Depths)

   [ring of protection from magic]

   It affects your dexterity (+2).
   It protects you from fire.
   It insulates you from electricity.
   It affects your resistance to hostile enchantments.
 i - the ring "Ymiu" {rF+ MR+ SInv}
   (You found it on level 4 of the Depths)

   [ring of see invisible]

   It protects you from fire.
   It affects your resistance to hostile enchantments.
   It lets you see invisible.
 l - the ring of Tojats {Fire +Inv rN+ Int+4, unknown}
   (You found it on level 5 of the Pits of Slime)

   [ring of fire]

   It enhances your fire magic.
   It affects your intelligence (+4).
   It protects you from fire.
   It makes you vulnerable to cold.
   It protects you from negative energy.
   It lets you turn invisible.
 E - the ring "Bufuje" (left hand) {rC++ rN+ MR+ Int-4 Stlth+}
   (You found it in the Desolation of Salt)

   [ring of stealth]

   It affects your intelligence (-4).
   It greatly protects you from cold.
   It protects you from negative energy.
   It affects your resistance to hostile enchantments.
   It makes you more stealthy.
 K - the ring of Xaphab {rCorr *Contam rN+++ Int+3}
   (You took it off a deep elf mage on level 1 of the Elven Halls)

   [ring of resist corrosion]

   It affects your intelligence (+3).
   It renders you almost immune to negative energy.
   It causes magical contamination when unequipped.
 N - the ring of Jailoc {rF+ Str-5 Int-5 Dex+6}
   (You found it in the Desolation of Salt)

   [ring of strength]

   It affects your strength (-5).
   It affects your intelligence (-5).
   It affects your dexterity (+6).
   It protects you from fire.
 O - an uncursed ring of protection from fire
 P - an amulet of regeneration (around neck)
 V - an uncursed ring of resist corrosion
Wands
 c - a wand of paralysis (13)
 W - a wand of digging (8)
 X - a wand of iceblast (17)
 Y - a wand of acid (27)
Scrolls
 a - 10 scrolls of magic mapping
 e - 25 scrolls of remove curse
 k - a scroll of fog
 u - 5 scrolls of blinking
 y - 20 scrolls of identify
 z - 26 scrolls of teleportation
Potions
 r - 3 potions of heal wounds
 A - 6 potions of agility
 B - a potion of berserk rage
 C - 3 potions of cancellation
 G - 18 potions of curing
 H - 4 potions of haste
 I - a potion of resistance
 R - 8 potions of might
 S - 5 potions of ambrosia
Miscellaneous
 p - a phial of floods
 D - 4 sacks of spiders
 F - a lightning rod (4/4)
Comestibles
 f - 80 rations


   Skills:
 + Level 24.4 Fighting
 - Level 4.3(13.1) Axes
 + Level 19.9(20.0) Maces & Flails
 + Level 21.4 Armour
 + Level 17.1 Dodging
 + Level 21.4 Shields
   Level 12.2 Summonings
 + Level 18.8 Invocations
 - Level 8.6 Evocations


You had 26 spell levels left.
You didn't know any spells.
Your spell library contained the following spells:

 Spells                   Type           Power        Failure   Level  Hunger
 Summon Butterflies       Summ           ##......     2%          1    ##.....
 Summon Small Mammal      Summ           ##..         2%          1    ##.....
 Call Imp                 Summ           ##......     3%          2    ###....
 Call Canine Familiar     Summ           ##......     7%          3    ####...
 Aura of Abjuration       Summ           ##........   52%         5    ######.
 Summon Demon             Summ           ##........   52%         5    ######.
 Recall                   Summ/Tloc      N/A          63%         3    ####...
 Summon Guardian Golem    Hex/Summ       #.......     63%         3    ####...
 Summon Ice Beast         Ice/Summ       #.......     95%         4    #####..
 Animate Skeleton         Necr           N/A          97%         1    ##.....
 Apportation              Tloc           #.....       97%         1    ##.....
 Beastly Appendage        Tmut           #.....       97%         1    ##.....
 Confusing Touch          Hex            #.....       97%         1    ##.....
 Flame Tongue             Conj/Fire      #....        97%         1    ##.....
 Freeze                   Ice            #...         97%         1    ##.....
 Infusion                 Chrm           #...         97%         1    ##.....
 Magic Dart               Conj           #...         97%         1    ##.....
 Pain                     Necr           #...         97%         1    ##.....
 Sandblast                Erth           #.....       97%         1    ##.....
 Sting                    Conj/Pois      #...         97%         1    ##.....
 Shadow Creatures         Summ           N/A          98%         6    #######
 Blink                    Tloc           N/A          99%         2    ###....
 Corpse Rot               Necr           N/A          99%         2    ###....
 Passwall                 Tmut/Erth      #.......     99%         2    ###....
 Poisonous Vapours        Pois/Air       #.....       99%         2    ###....
 Searing Ray              Conj           #.....       99%         2    ###....
 Shroud of Golubria       Chrm/Tloc      #.........   99%         2    ###....
 Song of Slaying          Chrm           #.......     99%         2    ###....
 Sticks to Snakes         Tmut           #.......     99%         2    ###....
 Swiftness                Chrm/Air       #.......     99%         2    ###....
 Throw Flame              Conj/Fire      #.....       99%         2    ###....
 Throw Frost              Conj/Ice       #.....       99%         2    ###....
 Confuse                  Hex            #.......     100%        3    ####...
 Conjure Flame            Conj/Fire      #.......     100%        3    ####...
 Dazzling Spray           Conj/Hex       #.....       100%        3    ####...
 Gell's Gravitas          Tloc           #.........   100%        3    ####...
 Ignite Poison            Fire/Tmut/Pois #.......     100%        3    ####...
 Inner Flame              Hex/Fire       #.......     100%        3    ####...
 Lesser Beckoning         Tloc           #.........   100%        3    ####...
 Mephitic Cloud           Conj/Pois/Air  #.......     100%        3    ####...
 Ozocubu's Armour         Chrm/Ice       #.......     100%        3    ####...
 Portal Projectile        Hex/Tloc       #.....       100%        3    ####...
 Regeneration             Chrm/Necr      #.........   100%        3    ####...
 Spectral Weapon          Hex/Chrm       #.......     100%        3    ####...
 Spider Form              Tmut/Pois      #.........   100%        3    ####...
 Static Discharge         Conj/Air       #.......     100%        3    ####...
 Stone Arrow              Conj/Erth      #.....       100%        3    ####...
 Teleport Other           Tloc           #.......     100%        3    ####...
 Vampiric Draining        Necr           #.........   100%        3    ####...
 Animate Dead             Necr           N/A          100%        4    #####..
 Cause Fear               Hex            #.........   100%        4    #####..
 Force Lance              Conj/Tloc      #.......     100%        4    #####..
 Fulminant Prism          Conj/Hex       #.........   100%        4    #####..
 Ice Form                 Ice/Tmut       #.......     100%        4    #####..
 Iskenderun's Mystic Bla  Conj           #.......     100%        4    #####..
 Leda's Liquefaction      Hex/Erth       #.........   100%        4    #####..
 Passage of Golubria      Tloc           N/A          100%        4    #####..
 Petrify                  Tmut/Erth      #.......     100%        4    #####..
 Sticky Flame             Conj/Fire      #.......     100%        4    #####..
 Throw Icicle             Conj/Ice       #.......     100%        4    #####..
 Agony                    Necr           #.......     100%        5    ######.
 Blade Hands              Tmut           #.........   100%        5    ######.
 Bolt of Draining         Conj/Necr      #.........   100%        5    ######.
 Bolt of Magma            Conj/Fire/Erth #.........   100%        5    ######.
 Borgnjor's Vile Clutch   Necr/Erth      #.........   100%        5    ######.
 Excruciating Wounds      Chrm/Necr      #.........   100%        5    ######.
 Fireball                 Conj/Fire      #.........   100%        5    ######.
 Irradiate                Conj/Tmut      #.........   100%        5    ######.
 Iskenderun's Battlesphe  Conj/Chrm      #.......     100%        5    ######.
 Lee's Rapid Deconstruct  Erth           #.........   100%        5    ######.
 Lightning Bolt           Conj/Air       #.........   100%        5    ######.
 Metabolic Englaciation   Hex/Ice        #.........   100%        5    ######.
 Silence                  Hex/Air        #.........   100%        5    ######.
 Summon Forest            Summ/Tloc      #.........   100%        5    ######.
 Summon Mana Viper        Hex/Summ       #.......     100%        5    ######.
 Venom Bolt               Conj/Pois      #.........   100%        5    ######.
 Yara's Violent Unravell  Hex/Tmut       #.........   100%        5    ######.
 Conjure Ball Lightning   Conj/Air       #.........   100%        6    #######
 Darkness                 Hex            #.........   100%        6    #######
 Deflect Missiles         Chrm/Air       #.........   100%        6    #######
 Dispersal                Tloc           #.........   100%        6    #######
 Freezing Cloud           Conj/Ice/Air   #.........   100%        6    #######
 Hydra Form               Tmut           #.........   100%        6    #######
 Invisibility             Hex            #.......     100%        6    #######
 Iron Shot                Conj/Erth      #.........   100%        6    #######
 Dragon Form              Tmut           #.........   100%        7    #######
 Orb of Destruction       Conj           #.........   100%        7    #######
 Ring of Flames           Chrm/Fire      #.........   100%        7    #######
 Spellforged Servitor     Conj/Summ      #.........   100%        7    #######
 Summon Hydra             Summ           ##........   100%        7    #######
 Controlled Blink         Tloc           N/A          100%        8    #######
 Discord                  Hex            #.........   100%        8    #######
 Disjunction              Tloc           #.........   100%        8    #######
 Ignition                 Fire           #.........   100%        8    #######
 Shatter                  Erth           #.........   100%        9    #######
 Tornado                  Air            #.........   100%        9    #######
 Sublimation of Blood     Necr           Unusable     N/A         2    N/A
 Statue Form              Tmut/Erth      Unusable     N/A         6    N/A

Dungeon Overview and Level Annotations

Branches:
Dungeon (15/15)            Temple (1/1) D:6            Lair (6/6) D:8
 Shoals (4/4) Lair:4       Spider (4/4) Lair:2        Slime (5/5) Lair:6
    Orc (2/2) D:11            Elf (3/3) Orc:2        Vaults (5/5) D:14
  Crypt (0/3) Vaults:3     Depths (5/5) D:15           Hell (1/1)
    Dis (0/7) Hell            Geh (0/7) Hell            Coc (5/7) Hell
    Tar (0/7) Hell            Zot (0/5) Depths:5

Altars:
Ashenzari
Cheibriados
Dithmenos
Elyvilon
Fedhas
Gozag
Hepliaklqana
Kikubaaqudgha
Makhleb
Nemelex Xobeh
Okawaru
Qazlal
Ru
Sif Muna
Trog
Uskayaw
Vehumet
Wu Jian
Xom
Yredelemnul
Zin
The Shining One
Beogh
Jiyva

Shops:
D:6 (   Orc:2 :(*[   Elf:2 **(?:   Vaults:4 (   Vaults:5 ?!%   Depths:1 %

Portals:
Hell: Depths:1 Depths:2 Depths:3 Depths:4 Depths:5
Abyss: Depths:3 Depths:4
Pandemonium: Depths:3 Depths:5
Ziggurat: Depths:4

Annotations:
Lair:4 exclusion: 2 oklob plants
Shoals:4 exclusion: Roxanne, Roxanne
Spider:4 1 runed translucent door, Ethylacetat's ghost, adept DsGl
Coc:5 3 runed doors


Innate Abilities, Weirdness & Mutations

You are resistant to torment.
Your stone body is resilient. (AC +20)
You are immune to poison.
Your large and strong wings let you fly indefinitely.
You resist negative energy. (rN+)
You are resistant to electric shocks. (rElec)
You can survive without breathing.
You are immune to petrification.
You are immune to rotting.
You tend to lose your temper in combat.
You are clumsy. (Dex -2)
You are very dopey. (Int -4)
You are very frail. (-20% HP)
Your magical capacity is low. (-10% MP)
You occasionally shout uncontrollably at your foes.
You do not regenerate when monsters are visible.
You are weak. (Str -2)


Message History

Unknown command.
You punish the shard shrike, causing immense pain!!!
You kill the shard shrike!
You block the skeletal warrior's attack.
You block the reaper's attack. You block the shard shrike's attack.
Unknown command.
You barely miss the shard shrike.
The shard shrike is lightly wounded.
Unknown command.
You hit the shard shrike.
The shard shrike is lightly wounded.
You block the shard shrike's attack. x2
You block the skeletal warrior's attack.
Unknown command.
You closely miss the shard shrike.
The shard shrike is lightly wounded.
You block the shard shrike's attack.
The shard shrike spits a shard of ice at you.
The shard of ice hits you!!! You partially resist.
You die...

### ..#
###..###
#@#....#
##bb†.#.###
#zz2.......
#.5###.#+++
#.∩. # ##.#
... ..# ...


You could see 2 shard shrikes, a reaper, 2 skeletal warriors and a white imp.

Vanquished Creatures
  the Royal Jelly (Slime:5)
  Mennas (Depths:4)
  2 ancient liches (Vaults:5)
  Mara (Depths:2)
  2 juggernauts
  Frederick (Depths:3)
  17 shard shrikes
  Geryon (Hell)
  Margery (Depths:1)
  Xtahua (Depths:4)
  7 caustic shrikes
  5 golden dragons
  Nikola (Depths:2)
  the Enchantress (Depths:1)
  6 liches
  Arachne (Spider:2)
  A tentacled monstrosity (Depths:5)
  6 Ice Fiends
  Jorgrun (D:14)
  3 deep elf blademasters (Elf:3)
  2 titans
  2 quicksilver dragons
  2 deep elf master archers (Elf:3)
  Murray (Hell)
  27 acid blobs
  Polyphemus (Shoals:3)
  5 eldritch tentacles
  6 storm dragons
  6 sphinxes
  Agnes (Spider:1)
  15 tengu reavers
  6 shadow dragons
  Kirke (Shoals:3)
  A draconian monk (Depths:5)
  7 fire giants
  Ilsuiw (Shoals:3)
  A draconian knight (Depths:5)
  7 emperor scorpions
  8 vault wardens
  14 azure jellies
  8 frost giants
  2 imperial myrmidons (Desolation)
  8 deep elf sorcerers
  Aizul (Shoals:4)
  6 ghost moths
  2 orc warlords
  A draconian annihilator (Depths:5)
  2 iron dragons
  9 deep elf elementalists
  5 spriggan defenders
  14 ironheart preservers
  A caustic shrike zombie (Hell)
  12 entropy weavers
  9 reapers
  A vampire knight (Depths:2)
  14 stone giants
  12 very ugly things
  3 war gargoyles (Hell)
  A caustic shrike skeleton (Depths:2)
  3 elemental wellsprings
  A green draconian (Depths:5)
  A black draconian (Depths:5)
  5 deep elf demonologists
  3 red draconians (Depths:5)
  A yellow draconian (Depths:5)
  2 halazid warlocks (Desolation)
  Azrael (D:14)
  12 deep elf annihilators
  2 lorocyprocas (Hell)
  A crystal guardian (Desolation)
  14 ettins
  5 merfolk javelineers
  A quicksilver dragon zombie (Coc:3)
  7 spark wasps
  10 ragged hierophants (Desolation)
  Snorg (D:14)
  11 deep elf death magi
  12 death oozes
  5 kraken zombies
  6 merfolk impalers
  15 yaktaur captains
  Josephine (Orc:1)
  6 jiangshi (Depths:1)
  15 great orbs of eyes
  8 fire dragons
  10 deep elf high priests
  11 blizzard demons
  4 servants of whispers (Desolation)
  20 ice dragons
  A quicksilver dragon skeleton (Coc:2)
  25 vault guards
  9 hydras
  5 rakshasas
  4 spriggan air magi
  7 peacekeepers (Desolation)
  A merfolk aquamancer (Shoals:4)
  A hell beast (Coc:2)
  3 merfolk avatars
  4 catoblepae
  An anaconda (shapeshifter) (Depths:2)
  A tengu warrior (Depths:1)
  A death knight (Vaults:2)
  30 dancing weapons
  9 death yaks
  2 satyrs (Shoals:4)
  6 deep troll shamans
  14 centaur warriors
  43 two-headed ogres
  16 ogre magi
  7 deep troll earth magi
  8 vampire magi
  2 titan zombies
  7 spriggan berserkers
  3 hell hogs (Hell)
  4 orc high priests
  4 sun demons
  3 soul eaters
  An iron golem (Hell)
  2 titan skeletons
  24 deep elf knights
  A death drake (shapeshifter) (Vaults:2)
  3 glowing orange brains
  13 hell knights
  A spark wasp zombie (Depths:2)
  A fire crab (shapeshifter) (Depths:2)
  A glowing orange brain (shapeshifter) (Depths:3)
  2 storm dragon skeletons
  13 sea snakes
  36 skeletal warriors
  2 golden dragon zombies
  4 unseen horrors
  A shadow demon (Coc:3)
  3 flayed ghosts
  7 phantasmal warriors
  5 anaconda zombies
  A quicksilver dragon simulacrum (Coc:4)
  3 shadow wraiths
  2 unseen horrors (shapeshifter)
  20 deep trolls
  A harpy (shapeshifter) (Depths:2)
  17 harpies
  Pikel (D:4)
  21 ironbrand convokers
  5 wizards
  15 deep elf archers
  A wolf spider zombie (D:14)
  18 orc knights
  22 wolf spiders
  A tengu zombie (Hell)
  3 iron dragon zombies (Coc:4)
  12 necromancers
  3 anaconda skeletons
  2 shadow dragon zombies
  71 deep elf magi
  7 orc sorcerers
  21 orb spiders
  6 frost giant zombies
  A wolf spider (shapeshifter) (Vaults:5)
  A faun (shapeshifter) (Vaults:5)
  3 fauns (Shoals:3)
  8 fire giant zombies
  7 shining eyes
  A stone giant zombie (Vaults:4)
  9 manticores
  89 slime creatures
  7 cyclopes
  35 ugly things
  11 merfolk sirens
  A moth of wrath (Spider:2)
  An iron dragon skeleton (Coc:2)
  4 centaur zombies
  A black mamba (shapeshifter) (Depths:2)
  An ice statue (Hell)
  2 black mambas
  12 vault sentinels
  2 rust devils (Hell)
  A toenail golem (Volcano)
  5 guardian serpents (Desolation)
  4 gargoyles
  2 eyes of devastation
  Joseph (D:9)
  A fire giant skeleton (Coc:3)
  10 water nymphs
  4 torpor snails
  4 frost giant skeletons
  2 molten gargoyles
  An eye of devastation (shapeshifter) (Depths:3)
  3 spriggan zombies
  8 spiny frogs
  A spiny frog (shapeshifter) (Vaults:3)
  5 centaur skeletons
  23 freezing wraiths
  An emperor scorpion zombie (Coc:3)
  7 komodo dragons
  2 dire elephant skeletons (Coc:3)
  A rime drake (shapeshifter) (Vaults:3)
  A komodo dragon (shapeshifter) (Vaults:4)
  A yaktaur (shapeshifter) (Depths:2)
  67 yaktaurs
  6 rime drakes
  5 demonic crawlers
  A golden dragon simulacrum (Coc:4)
  3 tormentors
  2 anaconda simulacra
  12 hydra zombies
  2 queen bees (shapeshifter) (Depths:3)
  8 ice devils
  A polar bear (shapeshifter) (Depths:1)
  17 polar bears
  2 small abominations (Elf:3)
  A tengu conjurer (Depths:3)
  3 meliai (D:14)
  A red devil (Hell)
  13 hornets
  A merfolk (shapeshifter) (Vaults:5)
  16 merfolk
  2 queen bees
  5 hydra skeletons
  38 jumping spiders
  7 trolls
  7 wind drakes
  65 saltlings (Desolation)
  7 ettin zombies
  A hippogriff (shapeshifter) (Vaults:2)
  2 harpy skeletons
  12 blink frogs
  11 dream sheep
  6 alligator zombies
  2 ice dragon zombies
  A dream sheep (shapeshifter) (Depths:4)
  13 hippogriffs
  10 snapping turtles
  26 flying skulls
  A fire dragon skeleton (Coc:1)
  2 fire dragon zombies (Coc:2)
  70 redbacks
  3 ettin skeletons
  A frost giant simulacrum (Coc:1)
  3 air elementals
  9 shadows
  A vampire (D:13)
  30 tarantellas
  19 water elementals
  2 ice dragon skeletons
  Sigmund (D:6)
  7 spriggans
  A yak (shapeshifter) (Depths:2)
  65 yaks
  4 alligator skeletons
  A hog (shapeshifter) (Depths:4)
  2 wyverns
  A hog (Shoals:3)
  Eustachio (D:4)
  13 wraiths
  11 fire elementals
  15 golden eyes
  3 basilisks
  2 hungry ghosts
  5 vampire mosquitoes
  A golden eye (shapeshifter) (Depths:2)
  A steam dragon (D:11)
  11 wargs
  Menkaure (D:6)
  2 acid dragons
  9 water moccasins
  13 spiny frog zombies
  A water moccasin (shapeshifter) (Depths:2)
  A soldier ant (D:13)
  2 floating eyes (shapeshifter)
  A hell hound (D:14)
  3 hydra simulacra
  A floating eye (Depths:3)
  10 porcupines
  3 large abominations (Elf:2)
  A manticore zombie (Coc:3)
  A snapping turtle zombie (Coc:2)
  2 sky beasts (D:5)
  2 spiny frog skeletons
  59 orc warriors
  A black bear (D:6)
  9 eyes of draining
  3 phantoms
  21 ice beasts
  11 centaurs
  An eye of draining (shapeshifter) (Vaults:1)
  An alligator simulacrum (Coc:1)
  An ice dragon simulacrum (Coc:4)
  2 necrophages
  A snapping turtle skeleton (Coc:4)
  12 boggarts
  23 wolves
  41 ogres
  A swamp dragon skeleton (Coc:1)
  11 crocodiles
  A crocodile (shapeshifter) (Vaults:4)
  5 elf zombies
  3 big kobolds
  Blork the orc (D:4)
  A gnoll sergeant (D:10)
  3 wyvern zombies
  16 bullfrogs
  An elf simulacrum (Vaults:1)
  2 spiny frog simulacra
  3 scorpions
  46 killer bees
  An orc simulacrum (Vaults:2)
  26 wights
  2 jellies
  A troll skeleton (Volcano)
  8 howler monkeys
  3 electric eels
  10 crimson imps
  4 bullfrog zombies
  2 human simulacra
  6 hounds
  23 orc wizards
  42 orc priests
  2 bullfrog skeletons
  3 iguanas
  6 iron imps (Hell)
  19 mummies
  7 hell rats (Lair:5)
  A human skeleton (Coc:3)
  10 worker ants
  A killer bee zombie (Ossuary)
  2 centaur simulacra
  A hound zombie (Ossuary)
  2 naga skeletons (Volcano)
  A hound skeleton (D:4)
  4 worker ant zombies
  4 gnolls (D:10)
  8 adders
  5 shadow imps
  29 white imps
  An ufetubus (D:8)
  2 oozes
  An adder skeleton (D:10)
  2 worms (shapeshifter)
  5 worms
  A dart slug (D:2)
  5 leopard geckos
  124 orcs
  4 bats
  7 giant cockroaches
  6 goblins
  6 hobgoblins
  20 jackals
  8 quokkas
  4 frilled lizards
  2 giant cockroach zombies (Ossuary)
  A jackal skeleton (D:6)
  A jackal zombie (D:6)
  22 kobolds
  A kobold zombie (Coc:1)
  A leopard gecko skeleton (D:4)
  3 leopard gecko zombies
  A quokka zombie (Ossuary)
  4 rats
  6 plants
  10 tentacles
2833 creatures vanquished.

Vanquished Creatures (collateral kills)
  An acid blob (Slime:5)
  A skeletal warrior (Coc:5)
2 creatures vanquished.

Vanquished Creatures (others)
  An emperor scorpion (Spider:4)
  A stone giant (Depths:1)
  A deep elf annihilator (Elf:3)
  Erica (D:8)
  A merfolk avatar (Shoals:3)
  3 necromancers (Depths:1)
  A tengu conjurer (D:14)
  A troll (Orc:2)
  A polar bear (IceCv)
  A jumping spider (Spider:3)
  3 slime creatures (D:14)
  2 flying skulls
  2 water elementals
  4 humans (Shoals:3)
  An orc warrior (Vaults:1)
  2 boggarts
  2 ogres (Vaults:3)
  2 wolves (IceCv)
  A hound (D:14)
  An orc wizard (D:4)
  3 bushes
  26 fungi
  14 plants
  15 tentacles
  15 toadstools
  2 withered plants (Ossuary)
107 creatures vanquished.

Grand Total: 2942 creatures vanquished

Notes
Turn   | Place    | Note
-------+----------+-------------------------------------------
     0 | D:1      | shadizar the Gargoyle Fighter began the quest for the Orb.
     0 | D:1      | Reached XP level 1. HP: 14/14 MP: 1/1
   198 | D:1      | Reached XP level 2. HP: 12/19 MP: 2/2
   625 | D:1      | Reached XP level 3. HP: 16/24 MP: 3/3
  1088 | D:2      | Found a shimmering altar of Xom.
  1175 | D:2      | Reached skill level 4 in Fighting
  1280 | D:2      | Reached skill level 1 in Dodging
  1280 | D:2      | Reached XP level 4. HP: 17/29 MP: 4/4
  1360 | D:2      | Found a white marble altar of Elyvilon.
  1762 | D:3      | Reached XP level 5. HP: 22/34 MP: 5/5
  2629 | D:4      | Noticed Blork the orc
  2648 | D:4      | Killed Blork the orc
  2725 | D:4      | Reached XP level 6. HP: 23/40 MP: 6/6
  2779 | D:4      | Reached skill level 5 in Fighting
  3114 | D:4      | You fall through a shaft for 3 floors!
  3121 | D:7      | Reached XP level 7. HP: 29/44 MP: 7/7
  3666 | D:8      | Noticed Erica
  3674 | D:8      | Paralysed by something for 2 turns
  3678 | D:8      | Killed Erica
  3678 | D:8      | Reached skill level 6 in Fighting
  3678 | D:8      | Reached skill level 5 in Armour
  3678 | D:8      | Reached skill level 5 in Shields
  3685 | D:8      | Reached XP level 8. HP: 42/52 MP: 8/8
  3731 | D:8      | Noticed a hornet
  3742 | D:8      | Killed a hornet
  3742 | D:8      | Reached skill level 7 in Fighting
  3795 | D:7      | Found a sand-covered staircase.
  3804 | Ossuary  | Entered an ossuary
  3922 | Ossuary  | Reached skill level 5 in Maces & Flails
  4041 | Ossuary  | Reached XP level 9. HP: 44/59 MP: 9/9
  4299 | Ossuary  | Reached skill level 8 in Fighting
  4827 | D:6      | Noticed Menkaure
  4848 | D:6      | Killed Menkaure
  4926 | D:6      | Found a staircase to the Ecumenical Temple.
  4934 | Temple   | Entered the Ecumenical Temple
  5015 | Temple   | Became a worshipper of the Shining One
  5327 | D:6      | Found a blossoming altar of Fedhas.
  5345 | D:6      | Noticed Sigmund
  5348 | D:6      | Cast into level 1 of the Abyss (Sigmund)
  5379 | Abyss:1  | Got a spiked ring mail
  5385 | Abyss:1  | Got a faintly glowing pewter ring
  5396 | D:6      | Escaped the Abyss
  5402 | D:6      | Killed Sigmund
  5447 | D:6      | Found Humnaesu's Weapon Shop.
  5733 | D:6      | Identified the cursed +1 ring mail "Sulerus" {-Cast rPois
                  | MR+++ Int-2} (You found it on level 1 of the Abyss)
  5734 | D:6      | Identified the ring "Epro" {rCorr rPois rC- MR+ Int+2} (You
                  | found it on level 1 of the Abyss)
  5774 | D:5      | Entered Level 5 of the Dungeon
  5800 | D:5      | Found a radiant altar of Vehumet.
  6461 | D:5      | Reached skill level 9 in Fighting
  6461 | D:5      | Reached skill level 1 in Invocations
  6533 | D:5      | Reached * piety under the Shining One
  6727 | D:4      | Noticed Pikel
  6742 | D:4      | Killed Pikel
  6742 | D:4      | Reached XP level 10. HP: 66/66 MP: 9/11
  6777 | D:4      | Noticed Eustachio
  6793 | D:4      | Killed Eustachio
  8110 | D:8      | Found a staircase to the Lair.
  8205 | D:8      | Reached skill level 10 in Fighting
  8398 | D:8      | Reached skill level 5 in Dodging
  8532 | D:8      | Found a sparkling altar of Nemelex Xobeh.
  8535 | D:8      | Found a hazy altar of Hepliaklqana.
  8535 | D:8      | Found a shadowy altar of Dithmenos.
  8535 | D:8      | Found a hide-covered altar of Uskayaw.
  8535 | D:8      | Found a snail-covered altar of Cheibriados.
  8541 | D:8      | Found an opulent altar of Gozag.
  8596 | D:9      | Noticed Joseph
  8610 | D:9      | Killed Joseph
  8927 | D:9      | Reached ** piety under the Shining One
  8977 | D:9      | Found a white marble altar of Elyvilon.
  9122 | D:9      | Reached XP level 11. HP: 73/73 MP: 14/14
  9480 | D:10     | Entered Level 10 of the Dungeon
  9623 | D:10     | Noticed a two-headed ogre
  9629 | D:9      | Killed a two-headed ogre
  9758 | D:10     | Noticed a two-headed ogre
  9759 | D:10     | Reached *** piety under the Shining One
 10164 | D:10     | Reached skill level 11 in Fighting
 10641 | D:11     | Noticed a six-headed hydra
 10649 | D:11     | Killed a six-headed hydra
 10649 | D:11     | Reached skill level 5 in Invocations
 10836 | D:10     | Found an opulent altar of Gozag.
 11026 | D:10     | Killed a two-headed ogre
 11220 | D:11     | Got a polished chain mail
 11238 | D:11     | Identified the +8 chain mail of Absence {Str+3} (You found
                  | it on level 11 of the Dungeon)
 11296 | D:11     | Reached **** piety under the Shining One
 11601 | D:11     | Found a staircase to the Orcish Mines.
 11740 | Lair:1   | Entered Level 1 of the Lair of Beasts
 12396 | Lair:2   | Reached XP level 12. HP: 40/80 MP: 16/16
 12583 | Lair:2   | Noticed a five-headed hydra
 12593 | Lair:2   | Killed a five-headed hydra
 12598 | Lair:2   | Reached skill level 12 in Fighting
 12622 | Lair:2   | Noticed a four-headed hydra
 12646 | Lair:2   | Killed a four-headed hydra
 12700 | Lair:2   | Found a dark tunnel.
 12722 | Volcano  | Entered a volcano
 13458 | Lair:2   | Reached skill level 1 in Evocations
 13476 | Lair:2   | Found a hole to the Spider Nest.
 14448 | Lair:3   | Noticed a five-headed hydra
 14460 | Lair:3   | Killed a five-headed hydra
 14541 | Lair:3   | Noticed a four-headed hydra
 14551 | Lair:3   | Killed a four-headed hydra
 14551 | Lair:3   | Reached XP level 13. HP: 73/87 MP: 18/18
 14689 | Lair:3   | Reached skill level 13 in Fighting
 15512 | Lair:4   | Found a blossoming altar of Fedhas.
 15872 | Lair:4   | Reached skill level 10 in Shields
 16004 | Lair:4   | Found a staircase to the Shoals.
 16789 | Lair:5   | Reached ***** piety under the Shining One
 16918 | Lair:5   | Reached skill level 10 in Armour
 17490 | Lair:6   | Entered Level 6 of the Lair of Beasts
 18227 | Lair:6   | Gained mutation: Your large and strong wings let you fly
                  | indefinitely. [Gargoyle growth]
 18227 | Lair:6   | Reached XP level 14. HP: 95/95 MP: 20/20
 18283 | Lair:6   | Reached skill level 14 in Fighting
 18626 | Lair:6   | Found a viscous altar of Jiyva.
 18626 | Lair:6   | Found a staircase to the Slime Pits.
 19927 | Orc:1    | Entered Level 1 of the Orcish Mines
 20041 | Orc:1    | Noticed an orc warlord
 20176 | D:11     | Killed an orc warlord
 20176 | D:11     | Reached skill level 10 in Maces & Flails
 20541 | Orc:1    | Noticed Josephine
 20556 | Orc:1    | Killed Josephine
 20556 | Orc:1    | Reached skill level 5 in Evocations
 20596 | Orc:1    | Reached ****** piety under the Shining One
 20838 | Orc:2    | Entered Level 2 of the Orcish Mines
 21273 | Orc:2    | Found a staircase to the Elven Halls.
 22022 | Orc:2    | Noticed an orc warlord
 22037 | Orc:2    | Paralysed by an orc sorcerer for 6 turns
 22050 | Orc:2    | Killed an orc warlord
 22297 | Orc:2    | Reached XP level 15. HP: 101/101 MP: 22/22
 22579 | Orc:2    | Reached skill level 15 in Fighting
 22581 | Orc:2    | HP: 5/103 [orc warrior/+0 scimitar (20)]
 22924 | Orc:2    | Found Jeckoko's General Store.
 22925 | Orc:2    | Found Puoph's Book Shoppe.
 22926 | Orc:2    | Found Wida Laure's Antique Armour Emporium.
 22926 | Orc:2    | Found Maicaogu's Antique Weapon Emporium.
 22930 | Orc:2    | Bought a glowing cloak for 195 gold pieces
 24966 | D:14     | Found a frozen archway.
 25036 | D:14     | Noticed Jorgrun
 25054 | D:14     | Killed Jorgrun
 25054 | D:14     | Reached skill level 10 in Invocations
 25193 | D:14     | Noticed Snorg
 25210 | D:14     | Killed Snorg
 25254 | IceCv    | Entered an ice cave
 25519 | IceCv    | Got an iridescent dagger
 25708 | IceCv    | Reached skill level 1 in Summonings
 25977 | IceCv    | Noticed a frost giant
 26014 | IceCv    | Killed a frost giant
 26656 | D:14     | Noticed Azrael
 26687 | D:14     | Killed Azrael
 26687 | D:14     | Reached XP level 16. HP: 110/110 MP: 23/23
 26773 | D:14     | Found a sacrificial altar of Ru.
 26797 | D:14     | Found a gate to the Vaults.
 26981 | D:15     | Entered Level 15 of the Dungeon
 27133 | D:15     | Reached skill level 16 in Fighting
 27837 | D:15     | Found the +8 Wrath of Trog {antimagic, *Rage}
 28079 | D:15     | Found a blossoming altar of Fedhas.
 28248 | D:15     | Found a staircase to the Depths.
 28333 | Depths:1 | Entered Level 1 of the Depths
 28361 | Depths:1 | Reached skill level 1 in Axes
 28407 | Depths:1 | Reached skill level 5 in Summonings
 28679 | Depths:1 | Noticed Margery
 28746 | Depths:1 | The Shining One protects you from harm!
 28957 | Depths:1 | Found Lowiugir's Food Shoppe.
 29047 | Depths:1 | Identified the +0 faerie dragon scales {+Inv rC- rCorr
                  | Int+2 Dex+6}
 29047 | Depths:1 | Noticed the Enchantress
 29099 | Depths:1 | Reached XP level 17. HP: 116/116 MP: 25/25
 29184 | Depths:1 | Killed the Enchantress
 29281 | D:15     | Identified a +8 sacred scourge of holy wrath (a +6 demon
                  | whip of venom blessed by the Shining One)
 29281 | D:15     | Received a gift from the Shining One
 29680 | Shoals:1 | Entered Level 1 of the Shoals
 31088 | Shoals:3 | Noticed Kirke
 31088 | Shoals:3 | Noticed Polyphemus
 31115 | Shoals:3 | Killed Kirke
 31124 | Shoals:3 | Killed Polyphemus
 31124 | Shoals:3 | Reached skill level 10 in Dodging
 31395 | Shoals:3 | Noticed Ilsuiw
 31461 | Shoals:3 | Killed Ilsuiw
 32002 | Shoals:4 | Entered Level 4 of the Shoals
 32002 | Shoals:4 | Identified Roxanne's Almanac of the Sage
 32002 | Shoals:4 | Noticed Roxanne
 32024 | Shoals:4 | Reached XP level 18. HP: 112/122 MP: 26/26
 32401 | Shoals:4 | Noticed Aizul
 32418 | Shoals:4 | Killed Aizul
 32496 | Shoals:4 | Reached skill level 17 in Fighting
 32601 | Shoals:4 | Got a barnacled rune of Zot
 32892 | Shoals:4 | Identified Sif Muna's Papyrus of Noxious Unholy Rites
 33198 | Spider:1 | Entered Level 1 of the Spider Nest
 33761 | Spider:1 | Noticed Agnes
 33768 | Spider:1 | Killed Agnes
 34193 | Spider:2 | Noticed Arachne
 34211 | Spider:2 | Killed Arachne
 35454 | Spider:3 | Got a pair of bloodstained gloves
 35470 | Spider:3 | Identified the +1 pair of gloves of the Desolation of Salt
                  | {rPois} (You found it on level 3 of the Spider Nest)
 35477 | Spider:3 | Found a roughly hewn altar of Beogh.
 35522 | Spider:3 | Got a warped plate armour
 35572 | Spider:3 | Identified the +0 plate armour of Plog {rPois Slay+2} (You
                  | found it on level 3 of the Spider Nest)
 35717 | Spider:4 | Entered Level 4 of the Spider Nest
 35839 | Spider:4 | Reached skill level 10 in Summonings
 35839 | Spider:4 | Reached XP level 19. HP: 127/128 MP: 28/28
 36625 | Spider:4 | Got a gossamer rune of Zot
 36947 | Spider:4 | Found a runed translucent door.
 36947 | Spider:4 | Found a shimmering altar of Xom.
 36947 | Spider:4 | Noticed Ethylacetat's ghost (adept DsGl)
 37425 | Vaults:1 | Entered Level 1 of the Vaults
 38583 | Vaults:1 | Reached XP level 20. HP: 136/136 MP: 30/30
 38705 | Vaults:2 | Reached skill level 18 in Fighting
 39689 | Vaults:2 | Reached skill level 15 in Armour
 39879 | Vaults:3 | Reached skill level 15 in Shields
 39900 | Vaults:3 | Found the +0 Maxwell's etheric cage {RegenMP+ *Contam rElec
                  | MP+4}
 40582 | Vaults:3 | Found a staircase to the Crypt.
 40582 | Vaults:3 | Found an ancient bone altar of Kikubaaqudgha.
 40583 | Vaults:3 | Found a basalt altar of Yredelemnul.
 41051 | Vaults:4 | Found Wuoplock's Weapon Emporium.
 41127 | Vaults:4 | Reached XP level 21. HP: 134/142 MP: 31/31
 41163 | Vaults:4 | Found a ruined gateway.
 41202 | Desolati | Entered the Desolation of Salt
 41807 | Desolati | Identified the Almanac of the Vitriolic Traveller
 41835 | Desolati | Got a fine turquoise ring
 41840 | Desolati | Got a glittering turquoise ring
 42159 | Desolati | Got a brightly glowing brass ring
 42184 | Desolati | Got a glittering glass ring
 42369 | Desolati | Identified the Handbook of the Freezing Volcanoes
 42375 | Desolati | Identified the Reference Book on Shifting Conjuration
 42543 | Vaults:4 | Identified a scroll of acquirement
 42567 | Vaults:4 | Identified the ring "Vidazusch" {rElec MR- EV+2 Str+7} (You
                  | found it in the Desolation of Salt)
 42569 | Vaults:4 | Identified the ring of Kindness {Ice rPois MP-9 Str+9 SInv}
                  | (You found it in the Desolation of Salt)
 42571 | Vaults:4 | Identified the ring "Bufuje" {rC++ rN+ MR+ Int-4 Stlth+}
                  | (You found it in the Desolation of Salt)
 42573 | Vaults:4 | Identified the cursed ring of Jailoc {rF+ Str-5 Int-5
                  | Dex+6} (You found it in the Desolation of Salt)
 43180 | Vaults:4 | Reached skill level 19 in Fighting
 43679 | Vaults:5 | Entered Level 5 of the Vaults
 43723 | Vaults:5 | Reached skill level 15 in Invocations
 43729 | Vaults:5 | Reached XP level 22. HP: 149/149 MP: 33/33
 43961 | Vaults:5 | Reached skill level 15 in Maces & Flails
 43984 | Vaults:5 | Got a silver rune of Zot
 44035 | Vaults:5 | Got a pair of transparent boots
 44046 | Vaults:5 | Identified the +3 pair of boots of Vexation {-Cast rC+
                  | rCorr Dex+4} (You acquired it on level 5 of the Vaults)
 44109 | Vaults:5 | Noticed an ancient lich
 44126 | Vaults:5 | Killed an ancient lich
 44344 | Vaults:5 | Noticed an ancient lich
 44356 | Vaults:5 | Killed an ancient lich
 44544 | Vaults:5 | Noticed a golden dragon
 44555 | Vaults:5 | Killed a golden dragon
 44645 | Vaults:5 | Found Golusch's Distillery.
 44649 | Vaults:5 | Bought a potion of haste for 210 gold pieces
 44649 | Vaults:5 | Bought a potion of heal wounds for 105 gold pieces
 44728 | Vaults:5 | Noticed a golden dragon
 44732 | Vaults:5 | Reached XP level 23. HP: 65/155 MP: 22/34
 44735 | Vaults:5 | Killed a golden dragon
 45182 | Vaults:5 | Identified the ring of Edeithuc {rN+ Dex+2 Stlth+}
 45182 | Vaults:5 | Identified the ring "Fereggom" {rElec rPois EV+2}
 45183 | Vaults:5 | Identified the ring of Yredelemnul's Approval {+Inv rElec
                  | rN+ Str+4 Stlth+}
 45522 | Vaults:5 | Found Piwyl's Food Shop.
 45607 | Vaults:5 | Found Carhow's Magic Scroll Emporium.
 45621 | Vaults:5 | Bought a scroll of blinking for 150 gold pieces
 46008 | Vaults:5 | Identified the +3 morningstar of Slime {holy, rN+ Int+3
                  | Stlth+}
 46120 | Vaults:5 | Identified the Almanac of the Damaging Birds
 46690 | Elf:1    | Entered Level 1 of the Elven Halls
 46771 | Elf:1    | Identified the ring of Xaphab {rCorr *Contam rN+++ Int+3}
 46783 | Elf:1    | Identified the Reference Book on Arcane Weapons
 47070 | Elf:1    | You are sucked into a shaft!
 47099 | Elf:2    | Reached skill level 20 in Fighting
 47247 | Elf:2    | Found a runed translucent gate.
 47247 | Elf:2    | Found a runed translucent gate.
 47314 | Elf:2    | Found a runed translucent gate.
 47492 | Elf:2    | Found Laufyor's Book Shop.
 47507 | Elf:2    | Found Yreavipe's Magic Scroll Emporium.
 48083 | Elf:2    | Found Cadwibisie's Antique Weapon Shop.
 48098 | Elf:2    | Found Ozu Jeicatz's Assorted Antiques.
 48129 | Elf:2    | Bought a sparkling brass ring for 135 gold pieces
 48129 | Elf:2    | Bought a potion of haste for 270 gold pieces
 48129 | Elf:2    | Bought a scroll of enchant armour for 202 gold pieces
 48182 | Elf:2    | Identified the ring of Mirth {Wiz rElec} (You bought it in
                  | a shop on level 2 of the Elven Halls)
 48222 | Elf:2    | Found Mampufra's General Store.
 48349 | Elf:2    | Reached XP level 24. HP: 164/164 MP: 35/35
 48396 | Elf:2    | Identified the Compendium of Darkness
 48464 | Elf:3    | Entered Level 3 of the Elven Halls
 49392 | Elf:3    | Identified the amulet "Zept" {Gourm *Corrode +Blink rPois
                  | MR-}
 49560 | Elf:3    | Identified the +9 battleaxe of a Gauntlet {chop, Str+4
                  | Int+4 Stlth+}
 49645 | Elf:3    | Identified the +3 plate armour of Muttered Phrases {rC+ rN+
                  | Dex-3}
 49650 | Elf:3    | Identified the +7 great sword of Righteous Fury {chaos,
                  | +Inv rPois MP+9 Dex+3}
 49661 | Elf:3    | Reached skill level 21 in Fighting
 49669 | Elf:3    | Identified the cursed +1 leather armour of Kindness
                  | {Regen+}
 49807 | Elf:3    | Identified the Handbook of Sinister Dislocation
 49870 | Elf:3    | Found the +8 glaive of the Guard {elec, +Rage AC+5 SInv}
 50108 | Elf:3    | Got a clouded bone ring
 50114 | Elf:3    | Identified the ring of Sunlight {rElec rPois Str+4} (You
                  | found it on level 3 of the Elven Halls)
 50579 | Depths:1 | Killed Margery
 50637 | Depths:1 | Found a gateway to Hell.
 50649 | Depths:1 | Got a faintly glowing cloak
 50662 | Depths:1 | Identified the +3 cloak "Sitevutu" {rElec} (You found it on
                  | level 1 of the Depths)
 50974 | Depths:1 | Got a distressingly furry hat
 51731 | Depths:2 | Reached XP level 25. HP: 95/172 MP: 35/35
 52024 | Depths:2 | Noticed Mara
 52042 | Depths:2 | Killed Mara
 52290 | Depths:2 | Reached skill level 22 in Fighting
 52391 | Depths:2 | Noticed a juggernaut
 52430 | Depths:2 | Killed a juggernaut
 52480 | Depths:2 | Identified the +10 plate armour "Ruacs" {rPois Int+2}
 52703 | Depths:2 | Noticed Nikola
 52762 | Depths:2 | Killed Nikola
 52979 | Depths:2 | Identified the +2 hat "Zoom" {MP-9 Dex+5} (You found it on
                  | level 1 of the Depths)
 53181 | Depths:3 | Found a one-way gate to the infinite horrors of the Abyss.
 53227 | Depths:3 | Found a portal to a secret trove of treasure.
 54158 | Depths:3 | You paid a toll of a +6 demon blade to enter a treasure
                  | trove
 54159 | Trove    | Entered a treasure trove
 54173 | Trove    | Got a slimy jade amulet
 54176 | Trove    | Got a shimmering iron ring
 54178 | Trove    | Got a bound iron amulet
 54183 | Trove    | Got a scintillating wooden ring
 54185 | Trove    | Got a coiled steel ring
 54253 | Depths:3 | Identified the amulet "Rayn" {RegenMP rN+} (You found it in
                  | a treasure trove)
 54275 | Depths:3 | Identified the ring "Sywn" {rC++ rN+++ MR+ Str-4} (You
                  | found it in a treasure trove)
 54277 | Depths:3 | Identified the ring of Botwenoq {*Corrode Dex+6 Stlth+}
                  | (You found it in a treasure trove)
 54279 | Depths:3 | Identified the ring "Merpheso" {rF- Str+4 Int+3 Dex+8
                  | Stlth+} (You found it in a treasure trove)
 54280 | Depths:3 | Identified the amulet of Hyvvol {RegenMP rPois rF+} (You
                  | found it in a treasure trove)
 54324 | Depths:3 | Noticed Frederick
 54325 | Depths:3 | Found a one-way gate leading to the halls of Pandemonium.
 54340 | Depths:3 | Killed Frederick
 54484 | Depths:3 | Reached skill level 15 in Dodging
 54537 | Depths:3 | Paralysed by a floating eye for 4 turns
 54651 | Depths:3 | Paralysed by a floating eye for 3 turns
 54664 | Depths:3 | Paralysed by a floating eye for 3 turns
 54674 | Depths:3 | Paralysed by a floating eye for 3 turns
 54887 | Depths:4 | Noticed Mennas
 55010 | Depths:4 | Killed Mennas
 55010 | Depths:4 | Reached XP level 26. HP: 163/180 MP: 26/35
 55232 | Depths:4 | Noticed Xtahua
 55260 | Depths:4 | Killed Xtahua
 55274 | Depths:4 | Found a gateway to a ziggurat.
 55534 | Depths:4 | Noticed a juggernaut
 55558 | Depths:4 | Identified the ring "Muuh" {rElec rF+ MR+ Dex+2}
 55566 | Depths:4 | Killed a juggernaut
 55585 | Depths:4 | Identified the ring "Fint" {rF+ rC- MR+ MP+9 Dex+4 SInv}
 55712 | Depths:4 | Got a heavily runed pewter ring
 55748 | Depths:4 | Identified the ring "Pyffuom" {rF- Str+4 Int+7}
 55861 | Depths:4 | Identified the ring "Ymiu" {rF+ MR+ SInv} (You found it on
                  | level 4 of the Depths)
 55891 | Depths:5 | Entered Level 5 of the Depths
 56061 | Depths:5 | Found a gate to the Realm of Zot.
 56186 | Depths:5 | Reached skill level 23 in Fighting
 56908 | Depths:5 | Got a smoking platinum amulet
 56984 | Depths:5 | Identified the amulet "Tiofer" {Inacc +Blink rN+++ MR-
                  | Dex-3} (You found it on level 5 of the Depths)
 57063 | Hell     | Entered the Vestibule of Hell
 57063 | Hell     | Noticed Geryon
 57096 | Hell     | Killed Geryon
 57132 | Hell     | Noticed Murray
 57212 | Hell     | Killed Murray
 57288 | Hell     | Found a gateway to the decaying netherworld of Tartarus.
 57290 | Hell     | Reached XP level 27. HP: 188/188 MP: 26/35
 57391 | Hell     | Found a gateway to the freezing wastes of Cocytus.
 57556 | Hell     | Found a gateway to the Iron City of Dis.
 57602 | Hell     | Found a gateway to the ashen valley of Gehenna.
 58264 | Slime:1  | Entered Level 1 of the Pits of Slime
 58616 | Slime:2  | Gained mutation: You are clumsy. (Dex -2) [a shining eye]
 58839 | Slime:2  | Found a viscous altar of Jiyva.
 59062 | Slime:3  | Gained mutation: You occasionally shout uncontrollably at
                  | your foes. [a shining eye]
 59095 | Slime:3  | Gained mutation: You tend to lose your temper in combat. [a
                  | shining eye]
 59209 | Slime:3  | Gained mutation: You are weak. (Str -2) [a shining eye]
 59629 | Slime:3  | Gained mutation: Your magical capacity is low. (-10% MP) [a
                  | shining eye]
 59637 | Slime:3  | Gained mutation: You do not regenerate when monsters are
                  | visible. [a shining eye]
 59660 | Slime:3  | Gained mutation: You are frail. (-10% HP) [a shining eye]
 59668 | Slime:3  | Gained mutation: You are dopey. (Int -2) [a shining eye]
 60292 | Slime:5  | Entered Level 5 of the Pits of Slime
 60600 | Slime:5  | Found a viscous altar of Jiyva.
 60601 | Slime:5  | Found the +3 sling "Punk" {acid, rCorr}
 60605 | Slime:5  | Noticed the Royal Jelly
 61109 | Slime:5  | Gained mutation: You are very dopey. (Int -4) [a shining
                  | eye]
 61116 | Slime:5  | Gained mutation: You are very frail. (-20% HP) [a shining
                  | eye]
 61179 | Slime:5  | Killed the Royal Jelly
 61428 | Slime:5  | Got a slimy rune of Zot
 61442 | Slime:5  | Identified the Handbook of Summoning
 61513 | Slime:5  | Got a brightly glowing glass ring
 61666 | Slime:5  | Paralysed by a floating eye for 3 turns
 61672 | Slime:5  | Paralysed by a floating eye for 2 turns
 61679 | Slime:5  | Paralysed by a floating eye for 4 turns
 62485 | Coc:1    | Entered Level 1 of Cocytus
 63482 | Coc:2    | Reached skill level 24 in Fighting
 66571 | Coc:5    | Found a huge runed gate.
 66571 | Coc:5    | Found a huge runed gate.
 66571 | Coc:5    | Found a huge runed gate.
 66607 | Coc:5    | Killed from afar by a shard shrike

Skill      XL: |  1  2  3  4  5  6  7  8  9 10 11 12 13 14 15 16 17 18 19 20 21 22 23 24 25 26 27 |
---------------+----------------------------------------------------------------------------------+-----
Fighting       | 4 5 6 7 9 10 11 12 13 14 15 16 17 18 19 20 21 22 23 24 | 24.4
Dodging        | 1 2 3 4 5 6 7 8 9 10 11 12 13 14 15 17 | 17.1
Shields        | 4 5 6 7 8 9 10 11 12 13 14 15 16 17 18 19 21 | 21.4
Armour         | 4 5 6 7 8 9 10 11 12 13 14 15 16 17 18 19 21 | 21.4
Maces & Flails | 3 4 5 6 7 8 9 10 11 12 13 14 15 16 17 18 19 | 19.9
Invocations    | 2 4 5 7 8 9 10 11 12 13 14 15 16 18 | 18.8
Evocations     | 2 3 5 6 8 |  8.6
Summonings     | 2 5 8 10 11 12 | 12.2
Axes           | 3 4 |  4.3

Action                   |  1- 3 |  4- 6 |  7- 9 | 10-12 | 13-15 | 16-18 | 19-21 | 22-24 | 25-27 || total
-------------------------+-------+-------+-------+-------+-------+-------+-------+-------+-------++-------
Melee: Flail             |   196 |   235 |   467 |   887 |  1949 |   652 |       |       |       ||  4386
       Sacred scourge    |       |       |       |       |       |   958 |  2170 |  1993 |  3590 ||  8711
Invok: Cleansing Flame   |       |       |       |       |     9 |    18 |     6 |    10 |     2 ||    45
       Divine Shield     |       |       |       |       |     7 |    24 |     7 |    11 |    11 ||    60
       Brand Weapon With |       |       |       |       |       |     1 |       |       |       ||     1
       Summon Divine War |       |       |       |       |       |       |       |       |     2 ||     2
 Abil: Evoke Flight      |       |       |     2 |       |       |       |       |       |       ||     2
       Fly               |       |       |       |       |     1 |       |       |       |       ||     1
  Use: Potion            |       |     1 |     2 |     4 |    10 |     5 |     3 |     3 |    12 ||    40
       Scroll            |       |       |    11 |    10 |    10 |     2 |     8 |     6 |    19 ||    66
  Eat: Chunk             |     2 |     6 |    10 |    23 |    35 |    33 |    28 |    20 |    16 ||   173
       Ration            |       |       |     1 |     1 |     3 |     1 |     1 |     2 |    11 ||    20
Armor: Scale mail        |   115 |   149 |   191 |       |       |       |       |       |       ||   455
       Ring mail         |       |       |    25 |   136 |       |       |       |       |       ||   161
       Chain mail        |       |       |       |   293 |   946 |   763 |       |       |       ||  2002
       Plate armour      |       |       |       |       |       |    49 |   618 |   581 |  1054 ||  2302
Dodge: Dodged            |    56 |    88 |   154 |   367 |   736 |   618 |   371 |   374 |   970 ||  3734
Block: Shield            |   124 |   139 |   236 |   635 |  1380 |  1228 |       |       |       ||  3742
       Large shield      |       |       |       |       |       |   104 |  1897 |  1786 |  3430 ||  7217
